[ AOE2 MATCH · #504832619 ]
UnrankedPersians vs Jurchens
Player's team · WIN
Rival team · LOSS
[ REPLAY ANALYSIS · EXTRACTED FROM THE RECORDED GAME ]
Feudal
13:16
Castle
23:36
Imperial
—
| APM avg | 74.1 |
| APM peak | 151 |
| eAPM avg | 30.1 |
| Villagers / military | 194 / 155 |
Focus
⚔️ 42.0% · 🌾 58.0%
Cavalry Archer ×64 · Archer ×50 · Knight ×22 · Militia ×8 · Scout Cavalry ×6 · Skirmisher ×4
Feudal
9:54
Castle
22:33
Imperial
—
| APM avg | 72.3 |
| APM peak | 153 |
| eAPM avg | 33.3 |
| Villagers / military | 113 / 92 |
Focus
⚔️ 40.4% · 🌾 59.6%
Skirmisher ×42 · Cavalry Archer ×23 · Archer ×17 · Fire Lancer ×5 · Scout Cavalry ×3 · Monk ×2
Match map
Initial resources + every placement click. Lines = walls · curves = elevation contours. ◆ gold · ⬟ stone · ● berries · ✦ relic · ◌ wall gap
Your base· Open — opponent sealed themselves in
CNZS_迷你车仁's base· ✓ Closed at 22:33 · 47t walls · 1 gate(s)
Smoothed initial terrain · ◌ = detected wall gap · hover for details
Inputs per minute
— Zezlot - - CNZS_迷你车仁
Build order — Zezlot
First 150 of 449 actions detected
| 0:01 | Queue | Villager (Male) |
| 0:01 | Build | House |
| 0:02 | Build | House |
| 0:05 | Queue | Villager (Male) |
| 0:12 | Queue | Villager (Male) |
| 0:13 | Queue | Villager (Male) |
| 0:25 | Queue | Villager (Male) |
| 1:31 | Queue | Villager (Male) |
| 2:10 | Build | Barracks |
| 2:13 | Build | House |
| 2:26 | Queue | Villager (Male) |
| 2:31 | Queue | Villager (Male) |
| 3:00 | Queue | Villager (Male) |
| 3:06 | Queue | Villager (Male) |
| 3:10 | Queue | Militia |
| 3:10 | Queue | Militia |
| 3:23 | Queue | Villager (Male) |
| 3:43 | Queue | Villager (Male) |
| 4:11 | Queue | Villager (Male) |
| 4:11 | Queue | Villager (Male) |
| 4:14 | Queue | Militia |
| 4:15 | Queue | Militia |
| 4:37 | Queue | Militia |
| 4:37 | Queue | Militia |
| 5:08 | Queue | Militia |
| 5:12 | Queue | Villager (Male) |
| 5:12 | Queue | Villager (Male) |
| 5:15 | Build | House |
| 5:35 | Queue | Villager (Male) |
| 5:36 | Queue | Villager (Male) |
| 5:49 | Queue | Villager (Male) |
| 6:21 | Queue | Militia |
| 6:21 | Queue | Villager (Male) |
| 6:31 | Queue | Villager (Male) |
| 6:32 | Queue | Villager (Male) |
| 6:35 | Build | Mill |
| 6:44 | Build | Lumber Camp |
| 6:45 | Queue | Villager (Male) |
| 7:13 | Queue | Villager (Male) |
| 7:15 | Build | House |
| 7:22 | Queue | Villager (Male) |
| 7:38 | Queue | Villager (Male) |
| 7:40 | Build | House |
| 7:58 | Queue | Villager (Male) |
| 8:10 | Queue | Villager (Male) |
| 8:10 | Queue | Villager (Male) |
| 8:16 | Build | Mining Camp |
| 8:28 | Queue | Villager (Male) |
| 8:30 | Queue | Villager (Male) |
| 8:37 | Queue | Villager (Male) |
| 8:54 | Queue | Villager (Male) |
| 8:56 | Build | Farm |
| 9:00 | Build | Farm |
| 9:20 | Queue | Villager (Male) |
| 9:20 | Queue | Villager (Male) |
| 9:45 | Queue | Villager (Male) |
| 10:15 | Queue | Villager (Male) |
| 10:16 | Queue | Villager (Male) |
| 10:20 | Build | Farm |
| 10:21 | Build | Farm |
| 10:21 | Build | Farm |
| 10:35 | Queue | Villager (Male) |
| 10:48 | Build | Farm |
| 10:57 | Build | House |
| 10:57 | Build | House |
| 11:12 | Research | Feudal Age |
| 11:12 | Research | Feudal Age |
| 11:16 | Research | Loom |
| 11:25 | Build | House |
| 11:33 | Queue | Villager (Male) |
| 11:59 | Queue | Villager (Male) |
| 12:05 | Build | Palisade Wall |
| 12:08 | Build | House |
| 12:10 | Build | Palisade Wall |
| 12:11 | Queue | Villager (Male) |
| 12:11 | Queue | Villager (Male) |
| 12:32 | Queue | Villager (Male) |
| 13:12 | Build | Farm |
| 13:13 | Queue | Villager (Male) |
| 13:15 | Queue | Villager (Male) |
| 13:16 | Age | Feudal Age |
| 13:18 | Build | Archery Range |
| 13:22 | Research | Double-Bit Axe |
| 13:24 | Queue | Villager (Male) |
| 13:32 | Queue | Villager (Male) |
| 13:33 | Queue | Villager (Male) |
| 13:43 | Queue | Villager (Male) |
| 13:46 | Queue | Villager (Male) |
| 13:47 | Queue | Villager (Male) |
| 14:01 | Build | Archery Range |
| 14:08 | Queue | Villager (Male) |
| 14:14 | Queue | Skirmisher |
| 14:14 | Queue | Skirmisher |
| 14:15 | Queue | Villager (Male) |
| 14:19 | Queue | Villager (Male) |
| 14:23 | Queue | Skirmisher |
| 14:24 | Queue | Villager (Male) |
| 14:32 | Research | Horse Collar |
| 14:32 | Research | Horse Collar |
| 14:32 | Research | Horse Collar |
| 14:42 | Queue | Villager (Male) |
| 14:42 | Queue | Villager (Male) |
| 14:49 | Queue | Villager (Male) |
| 14:54 | Queue | Archer |
| 14:55 | Queue | Archer |
| 14:55 | Queue | Villager (Male) |
| 14:56 | Queue | Villager (Male) |
| 15:16 | Queue | Skirmisher |
| 15:18 | Queue | Archer |
| 15:28 | Queue | Archer |
| 15:33 | Queue | Archer |
| 15:37 | Queue | Archer |
| 15:37 | Queue | Villager (Male) |
| 15:40 | Build | Blacksmith |
| 15:41 | Queue | Archer |
| 15:41 | Queue | Archer |
| 15:42 | Queue | Villager (Male) |
| 15:54 | Queue | Archer |
| 15:58 | Queue | Villager (Male) |
| 16:06 | Build | Lumber Camp |
| 16:09 | Queue | Archer |
| 16:12 | Queue | Villager (Male) |
| 16:13 | Queue | Archer |
| 16:20 | Queue | Archer |
| 16:20 | Queue | Archer |
| 16:28 | Research | Fletching |
| 16:28 | Research | Fletching |
| 16:29 | Queue | Archer |
| 16:29 | Queue | Archer |
| 16:37 | Queue | Villager (Male) |
| 16:43 | Build | Farm |
| 16:43 | Build | Farm |
| 16:43 | Build | Farm |
| 16:43 | Build | Farm |
| 16:43 | Build | Farm |
| 16:47 | Queue | Archer |
| 16:47 | Queue | Archer |
| 16:49 | Research | Padded Archer Armor |
| 16:50 | Research | Padded Archer Armor |
| 16:51 | Queue | Archer |
| 16:56 | Queue | Archer |
| 16:59 | Queue | Archer |
| 17:03 | Queue | Archer |
| 17:12 | Build | Farm |
| 17:12 | Build | Farm |
| 17:12 | Build | Farm |
| 17:16 | Queue | Archer |
| 17:17 | Queue | Archer |
| 17:20 | Queue | Archer |
| 17:24 | Queue | Archer |
Build order — CNZS_迷你车仁
First 150 of 336 actions detected
| 0:00 | Queue | Villager (Male) |
| 0:00 | Queue | Villager (Male) |
| 0:01 | Build | House |
| 0:02 | Build | House |
| 0:06 | Queue | Villager (Male) |
| 0:07 | Queue | Villager (Male) |
| 0:07 | Queue | Villager (Male) |
| 1:25 | Queue | Villager (Male) |
| 1:25 | Queue | Villager (Male) |
| 1:37 | Queue | Villager (Male) |
| 1:37 | Queue | Villager (Male) |
| 1:49 | Build | Lumber Camp |
| 2:29 | Queue | Villager (Male) |
| 2:29 | Queue | Villager (Male) |
| 2:41 | Queue | Villager (Male) |
| 2:41 | Queue | Villager (Male) |
| 2:41 | Queue | Villager (Male) |
| 3:05 | Queue | Villager (Male) |
| 3:05 | Queue | Villager (Male) |
| 3:19 | Queue | Villager (Male) |
| 3:19 | Queue | Villager (Male) |
| 3:22 | Build | House |
| 3:25 | Build | House |
| 3:31 | Build | House |
| 3:35 | Queue | Villager (Male) |
| 3:36 | Queue | Villager (Male) |
| 4:35 | Research | Loom |
| 4:35 | Research | Loom |
| 4:36 | Queue | Villager (Male) |
| 4:36 | Queue | Villager (Male) |
| 4:41 | Build | Mill |
| 4:47 | Queue | Villager (Male) |
| 5:08 | Queue | Villager (Male) |
| 5:08 | Queue | Villager (Male) |
| 5:40 | Queue | Villager (Male) |
| 5:41 | Queue | Villager (Male) |
| 5:41 | Queue | Villager (Male) |
| 6:20 | Build | Palisade Wall |
| 6:31 | Queue | Villager (Male) |
| 6:45 | Queue | Villager (Male) |
| 7:24 | Build | House |
| 7:44 | Research | Feudal Age |
| 7:45 | Research | Feudal Age |
| 8:13 | Queue | Villager (Male) |
| 8:24 | Queue | Villager (Male) |
| 8:41 | Build | Barracks |
| 8:56 | Build | Palisade Wall |
| 8:57 | Build | Palisade Wall |
| 8:58 | Build | Palisade Wall |
| 9:22 | Queue | Villager (Male) |
| 9:54 | Age | Feudal Age |
| 10:04 | Build | Palisade Wall |
| 10:04 | Build | Palisade Wall |
| 10:06 | Build | Palisade Wall |
| 10:11 | Build | Palisade Wall |
| 10:18 | Queue | Villager (Male) |
| 10:20 | Build | Archery Range |
| 10:29 | Research | Double-Bit Axe |
| 10:29 | Research | Double-Bit Axe |
| 10:33 | Build | Mining Camp |
| 10:36 | Build | Palisade Wall |
| 10:39 | Build | Palisade Wall |
| 10:41 | Build | Palisade Wall |
| 10:42 | Build | Palisade Wall |
| 10:47 | Queue | Villager (Male) |
| 11:10 | Queue | Archer |
| 11:11 | Build | Mill |
| 11:37 | Build | Farm |
| 11:38 | Build | Farm |
| 11:45 | Build | House |
| 11:46 | Build | House |
| 11:56 | Queue | Villager (Male) |
| 11:58 | Build | Farm |
| 12:04 | Build | Farm |
| 12:05 | Queue | Villager (Male) |
| 12:05 | Queue | Villager (Male) |
| 12:05 | Queue | Villager (Male) |
| 12:28 | Build | Farm |
| 12:29 | Build | Farm |
| 12:37 | Queue | Archer |
| 12:37 | Queue | Archer |
| 13:11 | Queue | Archer |
| 13:11 | Queue | Archer |
| 13:14 | Queue | Villager (Male) |
| 13:32 | Build | Blacksmith |
| 13:34 | Build | House |
| 13:43 | Queue | Archer |
| 13:43 | Queue | Villager (Male) |
| 13:44 | Queue | Villager (Male) |
| 13:52 | Queue | Villager (Male) |
| 14:13 | Build | Farm |
| 14:14 | Queue | Villager (Male) |
| 14:19 | Research | Fletching |
| 14:19 | Research | Fletching |
| 14:27 | Build | House |
| 14:33 | Build | Farm |
| 14:36 | Build | Farm |
| 14:41 | Build | Palisade Wall |
| 14:58 | Build | House |
| 15:01 | Build | Palisade Wall |
| 15:16 | Queue | Archer |
| 15:22 | Queue | Villager (Male) |
| 15:45 | Build | Farm |
| 15:46 | Build | Farm |
| 15:47 | Queue | Villager (Male) |
| 15:48 | Queue | Archer |
| 16:07 | Queue | Villager (Male) |
| 16:08 | Build | Stable |
| 16:14 | Build | Palisade Wall |
| 16:16 | Queue | Villager (Male) |
| 16:32 | Queue | Archer |
| 16:33 | Queue | Archer |
| 16:33 | Queue | Archer |
| 16:47 | Build | Palisade Wall |
| 16:51 | Queue | Villager (Male) |
| 16:53 | Build | Farm |
| 16:57 | Queue | Scout Cavalry |
| 17:07 | Queue | Villager (Male) |
| 17:15 | Queue | Archer |
| 17:26 | Queue | Scout Cavalry |
| 17:33 | Build | House |
| 17:33 | Build | House |
| 17:50 | Build | Palisade Wall |
| 17:55 | Queue | Villager (Male) |
| 17:55 | Queue | Villager (Male) |
| 17:56 | Queue | Archer |
| 17:58 | Build | House |
| 18:08 | Queue | Scout Cavalry |
| 18:16 | Queue | Villager (Male) |
| 18:43 | Queue | Villager (Male) |
| 18:44 | Build | Farm |
| 19:05 | Build | Lumber Camp |
| 19:10 | Build | House |
| 19:13 | Queue | Villager (Male) |
| 19:17 | Build | Lumber Camp |
| 19:36 | Build | House |
| 19:38 | Build | Palisade Wall |
| 19:45 | Build | Farm |
| 19:50 | Build | Farm |
| 19:53 | Research | Castle Age |
| 19:53 | Research | Castle Age |
| 20:05 | Build | Archery Range |
| 20:11 | Build | Palisade Gate |
| 20:26 | Build | Lumber Camp |
| 20:29 | Queue | Skirmisher |
| 20:45 | Research | Padded Archer Armor |
| 20:45 | Research | Padded Archer Armor |
| 20:55 | Research | Horse Collar |
| 20:56 | Queue | Skirmisher |
| 21:10 | Queue | Skirmisher |
Match timeline
| 2:10 | Zezlot · first_building Barracks |
| 6:20 | CNZS_迷你车仁 · wall_segment Palisade Wall x1 |
| 8:41 | CNZS_迷你车仁 · first_building Barracks |
| 8:56 | CNZS_迷你车仁 · wall_segment Palisade Wall x1 |
| 8:57 | CNZS_迷你车仁 · wall_segment Palisade Wall x1 |
| 8:58 | CNZS_迷你车仁 · wall_segment Palisade Wall x1 |
| 9:54 | CNZS_迷你车仁 · age_up feudal |
| 10:04 | CNZS_迷你车仁 · wall_segment Palisade Wall x1 |
| 10:04 | CNZS_迷你车仁 · wall_segment Palisade Wall x1 |
| 10:06 | CNZS_迷你车仁 · wall_segment Palisade Wall x1 |
| 10:11 | CNZS_迷你车仁 · wall_segment Palisade Wall x1 |
| 10:20 | CNZS_迷你车仁 · first_building Archery Range |
| 10:36 | CNZS_迷你车仁 · wall_segment Palisade Wall x1 |
| 10:39 | CNZS_迷你车仁 · wall_segment Palisade Wall x1 |
| 10:41 | CNZS_迷你车仁 · wall_segment Palisade Wall x1 |
| 10:42 | CNZS_迷你车仁 · wall_segment Palisade Wall x1 |
| 12:05 | Zezlot · wall_segment Palisade Wall x5 |
| 12:10 | Zezlot · wall_segment Palisade Wall x7 |
| 13:16 | Zezlot · age_up feudal |
| 13:18 | Zezlot · first_building Archery Range |
| 14:41 | CNZS_迷你车仁 · wall_segment Palisade Wall x6 |
| 15:01 | CNZS_迷你车仁 · wall_segment Palisade Wall x10 |
| 16:08 | CNZS_迷你车仁 · first_building Stable |
| 16:14 | CNZS_迷你车仁 · wall_segment Palisade Wall x8 |
| 16:47 | CNZS_迷你车仁 · wall_segment Palisade Wall x12 |
| 17:50 | CNZS_迷你车仁 · wall_segment Palisade Wall x1 |
| 19:38 | CNZS_迷你车仁 · wall_segment Palisade Wall x1 |
| 22:33 | CNZS_迷你车仁 · age_up castle |
| 22:40 | Zezlot · first_market_sell 100 food |
| 23:08 | Zezlot · first_building Stable |
| 23:26 | CNZS_迷你车仁 · wall_segment Palisade Wall x1 |
| 23:36 | Zezlot · age_up castle |
| 26:36 | CNZS_迷你车仁 · first_building Monastery |
| 28:02 | Zezlot · first_building Monastery |
| 32:41 | Zezlot · first_building Castle |
| 36:31 | CNZS_迷你车仁 · first_market_buy 100 stone |
| 36:33 | CNZS_迷你车仁 · first_building Castle |
| 36:41 | Zezlot · first_market_buy 500 stone |
| 38:32 | CNZS_迷你车仁 · resign |
[ AI ANALYSIS · 1 CREDIT ]
What really happened in this match?
Wolo.gg analyzes every decision: build order, eco, micro, common mistakes by bracket. Personalized analysis on WhatsApp or Discord in 30 seconds.
Civ guide
Persians
Perfil
Jugador #14438285